 Dungeon Crawl Stone Soup version 0.26-a0-597-gb535b0901c (webtiles) character file.

Game seed: 11084102495768825156

11254 Lanoc the Fighter (level 11, -2/74 HPs)
             Began as a Gargoyle Berserker on Aug 30, 2020.
             Was a High Priest of Trog.
             Slain by an ice dragon (shapeshifter) (5 damage)
             ... in a Gauntlet.
             The game lasted 00:14:28 (9330 turns).

Lanoc the Fighter (Gargoyle Berserker)              Turns: 9330, Time: 00:14:29

Health: -2/74      AC: 17    Str: 22    XL:     11   Next: 74%
Magic:  11/11      EV: 21    Int:  9    God:    Trog [*****.]
Gold:   438        SH:  5    Dex: 12    Spells: 10/10 levels left

rFire    + . .     SeeInvis .   s - +5 falchion of Inflation {vorpal, Str+2}
rCold    . . .     Faith    .   (no shield)
rNeg     + . .     Spirit   .   D - +0 steam dragon scales
rPois    ∞         Reflect  +   J - +2 hat
rElec    +         Harm     .   (no cloak)
rCorr    .         NoTele   +   (no gloves)
MR       .....                  (no boots)
Stlth    +.........             e - amulet of reflection
HPRegen  0.22/turn              o - ring of protection from fire
MPRegen  0.12/turn              n - +4 ring of evasion

@: berserk cooldown, slowed, very slow
A: negative energy resistance 1, electricity resistance, unbreathing,
petrification resistance, rot immunity, AC +8
a: Berserk, Trog's Hand, Brothers in Arms, Renounce Religion


You were in a Gauntlet.
You worshipped Trog.
Trog was extremely pleased with you.
You visited 1 branch of the dungeon, and saw 11 of its levels.
You also visited: Gauntlet.

You collected 634 gold pieces.
You spent 196 gold pieces at shops.

Inventory:

Hand Weapons
 s - the +5 falchion of Inflation (weapon) {vorpal, Str+2}
   (You found it on level 5 of the Dungeon)

   It inflicts extra damage upon your enemies.
   It affects your strength (+2).
Armour
 D - +0 steam dragon scales (worn)
 J - a +2 hat (worn)
Jewellery
 e - an amulet of reflection (around neck)
 n - a +4 ring of evasion (right hand)
 o - a ring of protection from fire (left hand)
 A - an uncursed ring of flight
Wands
 l - a wand of polymorph (10)
 m - a wand of flame (10)
 q - a wand of paralysis (5)
 B - a wand of digging (13)
 G - a wand of disintegration (17)
Scrolls
 b - a scroll of brand weapon
 f - 4 scrolls of teleportation
 g - a scroll of blinking
 p - 3 scrolls of magic mapping
 u - 2 scrolls of amnesia {unknown}
 v - 4 scrolls of remove curse {unknown}
 w - a scroll of summoning {unknown}
 y - 2 scrolls of fear {unknown}
 z - 4 scrolls of immolation {unknown}
Potions
 h - 2 potions of brilliance {unknown}
 j - 2 potions of stabbing {unknown}
 k - 2 potions of flight {unknown}
 r - 6 potions of lignification {unknown}
 t - 7 potions of curing
 x - 5 potions of heal wounds {unknown}
 C - a potion of cancellation
 E - 2 potions of haste
 F - a potion of berserk rage {unknown}
 I - a potion of invisibility


   Skills:
 + Level 11.5 Fighting
   Level 5.7 Maces & Flails
 + Level 11.3 Armour
 + Level 8.8 Dodging


You had 10 spell levels left.
You didn't know any spells.
Your spell library was empty.

Dungeon Overview and Level Annotations

Branches:
Dungeon (11/15)            Temple (0/1) D:7            Lair (0/6) D:11
    Orc (0/2) D:10        Gauntlet (1/1)

Altars:
Dithmenos
Makhleb
Trog
Yredelemnul
Zin
The Shining One

Shops:
D:5 *   D:9 *[

Annotations:
D:8 1 runed translucent door
D:9 , 1 runed translucent door Gauntlet 11 transporters, 1 runed translucent door, exclusion: oklob plant


Innate Abilities, Weirdness & Mutations

You are resistant to torment.
Your stone body is resilient. (AC +8)
You are immune to poison.
You resist negative energy. (rN+)
You are resistant to electric shocks. (rElec)
You can survive without breathing.
You are immune to petrification.
You are immune to rotting.


Message History

The ice dragon is almost dead.
The ice dragon bites you!
The ice dragon claws you but does no damage.
The ice dragon barely misses you. The ice dragon breathes frost at you.
The blast of cold hits you!!
* * * LOW HITPOINT WARNING * * *
You hit the ice dragon but do no damage.
The ice dragon is almost dead.
The ice dragon bites you.
* * * LOW HITPOINT WARNING * * *
The ice dragon misses you. x2; The ice dragon bites you!
* * * LOW HITPOINT WARNING * * *
The ice dragon claws you.
* * * LOW HITPOINT WARNING * * *
The ice dragon barely misses you.
Okay, then.
Your ogre goes berserk!
The ice dragon bites you.
You die...

## ### ### ### ### ###
##≈###≈###≈###≈###≈###≈#
#≈≈≈#≈≈≈#≈≈≈#≈≈≈#≈≈≈#≈≈≈
#≈.....................
##.#########...########
##≈.#.......#.⌠.#©#...+G
#≈≈.#.#O###?#...#.#.###.
##≈.#...###.#####...#...
##©#.D@###©#©.©#####.##
##..#.##...=#.⌠.#.....#G
##...#.##....#...#.#####G
##≈.∩.#.......#.⌠.#..
##≈≈...#########...###
#≈≈≈.⌠.........#.⌠....
##≈≈...#########...###
##≈.∩.#P##D#?)#.⌠.#..
##...##.#..###...###.###.


You could see an ice dragon shaped shifter (catching breath), an acid dragon and
a friendly ogre (summoned, berserk).

Vanquished Creatures
  3 two-headed ogres
  The ghost of Lanoc the Quickloader, a novice DrHu of Okawaru (D:9)
  Joseph (D:8)
  Maggie (D:6)
  Prince Ribbit (D:8)
  A hippogriff (D:11)
  Sigmund (D:6)
  A wyvern (D:11)
  8 yaks
  Grum (D:8)
  Eustachio (D:6)
  A steam dragon (D:9)
  4 soldier ants (D:8)
  Edmund (D:6)
  2 water moccasins (D:8)
  2 black bears
  An ice beast (D:8)
  A hornet zombie (D:6)
  5 orc warriors
  3 sky beasts
  3 ogres
  4 phantoms
  An eye of draining (D:11)
  3 centaurs
  2 wolves (D:8)
  Blork the orc (D:6)
  5 bullfrogs
  A water moccasin skeleton (D:7)
  A wyvern skeleton (D:7)
  2 scorpions
  8 killer bees (D:8)
  8 wights
  3 electric eels
  A howler monkey (D:5)
  A centaur zombie (D:5)
  7 hounds
  2 bullfrog zombies
  3 jellies
  A bullfrog skeleton (D:4)
  2 centaur skeletons
  6 orc priests
  10 worker ants
  Ijyb (D:5)
  2 iguanas
  11 orc wizards
  A worker ant zombie (D:5)
  3 gnolls (D:8)
  13 adders
  4 shadow imps
  3 white imps
  3 ufetubi
  3 adder skeletons
  2 worms
  3 leopard geckos
  37 orcs
  A ball python (D:3)
  3 bats (D:3)
  2 giant cockroaches
  5 hobgoblins
  A quokka (D:8)
  A frilled lizard (D:3)
  A giant cockroach zombie (D:5)
  3 rats
  A spectral orc (D:9)
219 creatures vanquished.

Vanquished Creatures (others)
  3 orcs (D:10)
3 creatures vanquished.

Grand Total: 222 creatures vanquished

Notes
Turn   | Place    | Note
-------+----------+-------------------------------------------
     0 | D:1      | Lanoc the Gargoyle Berserker began the quest for the Orb.
     0 | D:1      | Reached XP level 1. HP: 14/14 MP: 1/1
   155 | D:2      | HP: 1/21 [adder (4)]
   156 | D:2      | Reached XP level 2. HP: 1/19 MP: 2/2
   512 | D:2      | Reached XP level 3. HP: 18/23 MP: 3/3
  1289 | D:3      | Reached XP level 4. HP: 29/29 MP: 4/4
  1664 | D:4      | Found a glowing golden altar of the Shining One.
  1688 | D:4      | Reached XP level 5. HP: 29/33 MP: 5/5
  1699 | D:4      | Noticed an ogre
  1707 | D:4      | Killed an ogre
  2123 | D:4      | Reached XP level 6. HP: 28/39 MP: 6/6
  2259 | D:4      | Reached ** piety under Trog
  2345 | D:4      | Reached skill level 5 in Maces & Flails
  2620 | D:5      | Entered Level 5 of the Dungeon
  2650 | D:5      | Reached XP level 7. HP: 24/44 MP: 7/7
  2923 | D:5      | Noticed Ijyb
  2936 | D:5      | Killed Ijyb
  3050 | D:5      | Reached skill level 5 in Fighting
  3093 | D:5      | Got a jewelled falchion
  3094 | D:5      | Identified the +5 falchion of Inflation {vorpal, Str+2}
                  | (You found it on level 5 of the Dungeon)
  3315 | D:5      | Found a shadowy altar of Dithmenos.
  3449 | D:5      | Found Himn's Assorted Antiques.
  3457 | D:5      | Bought a scroll labeled MEKHLA YMIMU for 23 gold pieces
  3457 | D:5      | Bought a white potion for 20 gold pieces
  3457 | D:5      | Bought a scroll labeled HUUMIVIEMM for 23 gold pieces
  3457 | D:5      | Bought a scroll labeled DET SISTRAEDDAW for 23 gold pieces
  3457 | D:5      | Bought a scroll labeled EPSEDAZIBU for 23 gold pieces
  3457 | D:5      | Bought a scroll labeled MEKHLA YMIMU for 23 gold pieces
  3457 | D:5      | Bought 2 viscous inky potions for 41 gold pieces
  3457 | D:5      | Bought a viscous inky potion for 20 gold pieces
  3819 | D:6      | Found a bloodstained altar of Trog.
  3976 | D:6      | Noticed Sigmund
  3982 | D:6      | Killed Sigmund
  3982 | D:6      | Reached skill level 5 in Armour
  3982 | D:6      | Reached XP level 8. HP: 51/51 MP: 8/8
  4037 | D:6      | Noticed Edmund
  4050 | D:6      | Killed Edmund
  4074 | D:6      | Noticed Eustachio
  4092 | D:6      | Killed Eustachio
  4273 | D:6      | Noticed Maggie
  4285 | D:6      | Killed Maggie
  4535 | D:6      | Noticed Blork the orc
  4543 | D:6      | Killed Blork the orc
  4543 | D:6      | Reached skill level 5 in Dodging
  4543 | D:6      | Reached XP level 9. HP: 57/57 MP: 9/9
  4974 | D:7      | Reached *** piety under Trog
  5220 | D:7      | Found a shadowy altar of Dithmenos.
  5373 | D:7      | Found a staircase to the Ecumenical Temple.
  5632 | D:8      | Found a runed translucent gate.
  5634 | D:8      | Found a runed translucent gate.
  5634 | D:8      | Found a runed translucent gate.
  5695 | D:8      | Found a runed translucent door.
  5695 | D:8      | Noticed Joseph
  5704 | D:8      | Killed Joseph
  5780 | D:8      | Found the +9 staff of Olgreb {rPois∞}
  5783 | D:8      | Found a runed translucent door.
  5798 | D:8      | Noticed Prince Ribbit
  5806 | D:8      | Noticed Grum
  5811 | D:8      | Killed Prince Ribbit
  5849 | D:8      | Killed Grum
  5849 | D:8      | Reached XP level 10. HP: 56/65 MP: 10/10
  6411 | D:8      | Reached **** piety under Trog
  6713 | D:9      | Found Eczehasa's Armour Shop.
  6883 | D:9      | Found a basalt altar of Yredelemnul.
  6917 | D:9      | Found a transporter.
  6918 | D:9      | Found a transporter.
  7002 | D:9      | Found a burning altar of Makhleb.
  7053 | D:9      | Noticed Lanoc's ghost (novice DrHu)
  7083 | D:9      | Reached skill level 10 in Fighting
  7190 | D:9      | Found Zin's Purification Station.
  7193 | D:9      | Found a glowing silver altar of Zin.
  7352 | D:9      | Found a runed translucent door.
  7353 | D:9      | Found a basalt altar of Yredelemnul.
  7640 | D:9      | Killed Lanoc's ghost
  7640 | D:9      | Reached skill level 10 in Armour
  7640 | D:9      | Reached XP level 11. HP: 70/73 MP: 11/11
  7865 | D:10     | Entered Level 10 of the Dungeon
  8070 | D:10     | Reached ***** piety under Trog
  8191 | D:10     | Noticed a two-headed ogre
  8201 | D:10     | Killed a two-headed ogre
  8650 | D:10     | Found a staircase to the Orcish Mines.
  8953 | D:11     | Noticed a two-headed ogre
  8959 | D:11     | Noticed a two-headed ogre
  8965 | D:11     | Killed a two-headed ogre
  8969 | D:11     | Killed a two-headed ogre
  9060 | D:11     | Found a gate leading to a gauntlet.
  9071 | Gauntlet | Entered a Gauntlet
  9071 | Gauntlet | Found a transporter.
  9071 | Gauntlet | Found a transporter.
  9071 | Gauntlet | Noticed an oklob plant
  9121 | Gauntlet | Noticed a death drake
  9121 | Gauntlet | a hippogriff changed into a death drake
  9177 | Gauntlet | Noticed a glowing orange brain
  9177 | Gauntlet | a death drake changed into a glowing orange brain
  9197 | Gauntlet | Found a transporter.
  9200 | Gauntlet | Found a transporter.
  9202 | Gauntlet | Noticed a necromancer
  9208 | Gauntlet | Found a transporter.
  9212 | Gauntlet | Found a transporter.
  9223 | Gauntlet | Found a transporter.
  9233 | Gauntlet | Noticed a great orb of eyes
  9235 | Gauntlet | Found the ring of Phasing {EV+8}
  9235 | Gauntlet | Noticed a green ugly thing
  9236 | Gauntlet | Found a transporter.
  9236 | Gauntlet | Noticed a brown ugly thing
  9250 | Gauntlet | Found a transporter.
  9254 | Gauntlet | Found a transporter.
  9255 | Gauntlet | Found a runed translucent door.
  9265 | Gauntlet | Found a transporter.
  9266 | Gauntlet | Found a transporter.
  9325 | Gauntlet | Noticed an ice dragon
  9325 | Gauntlet | a tyrant leech changed into an ice dragon
  9329 | Gauntlet | HP: 3/74 [ice dragon (shapeshifter) (8)]
  9330 | Gauntlet | Slain by an ice dragon (shapeshifter)

Illustrated notes

Levels and vault maps discovered:
D:1:      giann_bridges, layout_basic, serial_forest,
          infiniplex_forest_lined_3_way, infiniplex_forest_clump_small,
          infiniplex_forest_diagonal, infiniplex_forest_straight_4,
          infiniplex_forest_clump_double, infiniplex_forest_straight_4,
          infiniplex_forest_clump_long
D:2:      layout_loops_ring, minmay_3d_cube
D:3:      layout_loops_ring
D:4:      layout_basic, chequers_jeans, nicolae_tso_carved_into_rock
D:5:      layout_gridville, nicolae_overflow_crystal_walls, serial_shops,
          nicolae_shop_overgrown_old_shop, uniq_ijyb
D:6:      layout_cave_pools, basic_altar, dk_vineyard_1, minmay_misc_feat_roman,
          uniq_edmund, uniq_maggie, uniq_eustachio, uniq_sigmund,
          uniq_blork_the_orc
D:7:      layout_loops_ring, minmay_temple_entry_from_below_a, serial_glass,
          glass_columns_c, glass_columns_a, grunt_ministairs_12,
          palyth_stone_intersect, nicolae_dithmenos_shadow_blocks
D:8:      layout_gridville, minmay_guarded_unrand_staff_of_olgreb, uniq_joseph,
          uniq_grum, uniq_prince_ribbit1
D:9:      layout_irregular_city, zin_purify, lightli_temple_of_fire,
          yredelemnul_forgotten_temple_becter, serial_shops,
          kennysheep_little_box, gammafunk_ghost_arena, dk_yredelemnul_ordeal
D:10:     layout_cave_pools, erik_orc_2
D:11:     layout_basic, dpeg_oklobed_lair, gauntlet_entry_generic
Gauntlet: minmay_gauntlet_77_indecision [minmay_gauntlet_arena_77_block_sizes,
          minmay_gauntlet_arena_77_tiled_triplets,
          minmay_gauntlet_arena_77_path, minmay_gauntlet_arena_77_broken_ladder,
          minmay_gauntlet_arena_77_p_blocks,
          minmay_gauntlet_arena_77_double_cross, gauntlet_exit_green]

Skill      XL: |  1  2  3  4  5  6  7  8  9 10 11 |
---------------+----------------------------------+-----
Dodging        | 2 3 4 5 6 7 8 |  8.8
Maces & Flails | 4 5 |  5.7
Armour         | 3 5 6 8 10 11 | 11.3
Fighting       | 4 5 7 8 10 11 | 11.5

Action                   |  1- 3 |  4- 6 |  7- 9 | 10-12 || total
-------------------------+-------+-------+-------+-------++-------
Melee: Mace              |    74 |   106 |    56 |       ||   236
       Falchion          |       |       |   160 |   445 ||   605
       Unarmed           |       |       |     2 |       ||     2
Invok: Berserk           |     4 |     3 |    10 |    12 ||    29
       Brothers in Arms  |       |       |       |     1 ||     1
  Use: Scroll            |       |       |       |    10 ||    10
Armor: Animal skin       |    21 |    22 |    17 |       ||    60
       Steam dragon scal |       |       |    36 |   154 ||   190
Dodge: Dodged            |    54 |    96 |   179 |   450 ||   779
Block: Other             |     9 |    21 |    56 |   117 ||   203
       Reflection        |       |       |     2 |     5 ||     7
       Rpst.: Falchion   |       |       |    58 |   125 ||   183

Table legend: (Time is in decaauts)
 A = Elapsed time spent in this place.
 B = Non-inter-level travel time spent in this place.
 C = Inter-level travel time spent in this place.
 D = Time resting spent in this place.
 E = Time spent auto-exploring this place.
 F = Levels seen in this place.
 G = Mean time per level.
                   A        B        C        D        E       F      G
               +--------+--------+--------+--------+--------+-----+--------+
         Total |   9756 |   9534 |    222 |    421 |   7101 |  12 |  813.0 |
       Dungeon |   9498 |   9276 |    222 |    421 |   6875 |  11 |  863.5 |
      Gauntlet |    258 |    258 |      0 |      0 |    226 |   1 |  258.0 |
               +--------+--------+--------+--------+--------+-----+--------+

Top non-repeatable levels by time:
     D:9: 1348 daAuts
     D:5: 1231 daAuts
     D:8: 1197 daAuts
    D:10: 1138 daAuts
     D:6: 1075 daAuts
     D:4: 1072 daAuts
     D:3: 906 daAuts
     D:7: 640 daAuts
     D:2: 602 daAuts
Gauntlet: 258 daAuts
    D:11: 168 daAuts
     D:1: 117 daAuts
